MLB
MINNESOTA TWINS @ BOSTON RED SOX
09/04/2019
 
TOP OF THE 1ST
Minnesota Twins batting - Pitching for Boston Red Sox : LHP Mike Kickham
Pitching: LHP Mike Kickham
Batting: RHB Whit Merrifield 0-0: Called Strike
0-1: Called Strike
0-2: Ball
1-2: Ball
2-2: Strikes out swinging
Batting: LHB Derek Dietrich 0-0: Ball
1-0: Ball
2-0: Ground out 5-3 (Groundball, 5S, EV 83.1 MPH)
Batting: LHB Freddie Freeman 0-0: Ball
1-0: Called Strike
1-1: Ball
2-1: Ball
3-1: Base on Balls
Batting: RHB Avisail Garcia 0-0: Ball
1-0: Called Strike
1-1: Ball
2-1: Ball
3-1: Foul Ball, location: 2F
3-2: Strikes out looking
Top of the 1st over - 0 runs, 0 hits, 0 errors, 1 left on base; Minnesota 0 - Boston 0
BOTTOM OF THE 1ST
Boston Red Sox batting - Pitching for Minnesota Twins : LHP Brandon Waddell
Pitching: LHP Brandon Waddell
Batting: RHB Victor Robles 0-0: Fly out, F7 (Flyball, 7, EV 93.8 MPH)
Batting: RHB Pablo Reyes 0-0: Fly out, F8 (Flyball, 8LD, EV 100.6 MPH)
Batting: LHB Greg Bird 0-0: Ball
1-0: Ball
2-0: Called Strike
2-1: Fly out, F9 (Flyball, 9S, EV 94.4 MPH)
Bottom of the 1st over - 0 runs, 0 hits, 0 errors, 0 left on base; Minnesota 0 - Boston 0
TOP OF THE 2ND
Minnesota Twins batting - Pitching for Boston Red Sox : LHP Mike Kickham
Batting: RHB Adam Jones 0-0: SINGLE (Line Drive, 78S, EV 100.0 MPH)
Batting: LHB Jay Bruce 0-0: Ball
1-0: Ground out 6-3 (Groundball, 4S, EV 85.6 MPH)
Adam Jones to second
Batting: RHB Roberto Perez 0-0: Foul Ball, location: 2F
0-1: Ball
1-1: Ball
2-1: DOUBLE (Line Drive, 78XD, EV 105.6 MPH)
Adam Jones scores
Batting: LHB Nolan Fontana 0-0: Foul Ball, location: 2F
0-1: Ball
1-1: Foul Ball, location: 2F
1-2: Ball
2-2: Ground out 6-3 (Groundball, 6S, EV 77.5 MPH)
Batting: RHB Miguel Rojas 0-0: Ball
1-0: Swinging Strike
1-1: Fly out, F3 (Line Drive, 3, EV 72.5 MPH)
Top of the 2nd over - 1 run, 2 hits, 0 errors, 1 left on base; Minnesota 1 - Boston 0
BOTTOM OF THE 2ND
Boston Red Sox batting - Pitching for Minnesota Twins : LHP Brandon Waddell
Batting: RHB Albert Pujols 0-0: Ball
1-0: SINGLE (Groundball, 6MD, EV 100.0 MPH)
Batting: SHB Yangervis Solarte 0-0: Ball
1-0: Ball
2-0: Fly out, F9 (Flyball, 9D, EV 93.1 MPH)
Batting: LHB Alex Dickerson 0-0: Called Strike
0-1: Fielders Choice at 2nd, 4-6 (Groundball, 4S, EV 83.8 MPH)
Batting: RHB Jonathan Lucroy 0-0: Ball
1-0: Foul Ball, location: 2F
1-1: SINGLE (Line Drive, 4M, EV 95.6 MPH)
Alex Dickerson to second
Batting: LHB J.P. Crawford 0-0: SINGLE (Groundball, 3D, EV 104.4 MPH)
Alex Dickerson to third
Jonathan Lucroy to second
Runner from 3rd tries for Home, SAFE, no throw by RF
Batting: RHB Ronald Torreyes 0-0: Ball
1-0: Called Strike
1-1: Fielders Choice at 2nd, 6-4 (Groundball, 6, EV 86.9 MPH)
Bottom of the 2nd over - 1 run, 3 hits, 0 errors, 2 left on base; Minnesota 1 - Boston 1
TOP OF THE 3RD
Minnesota Twins batting - Pitching for Boston Red Sox : LHP Mike Kickham
Batting: RHB Whit Merrifield 0-0: Fly out, F3 (Popup, 3SF, EV 86.3 MPH)
Batting: LHB Derek Dietrich 0-0: Called Strike
0-1: SINGLE (Line Drive, 4MD, EV 105.0 MPH)
Batting: LHB Freddie Freeman 0-0: Called Strike
0-1: Called Strike
0-2: Strikes out swinging
Batting: RHB Avisail Garcia 0-0: Ball
1-0: Called Strike
1-1: Called Strike
1-2: Foul Ball, location: 2F
1-2: Ball
2-2: Ball
3-2: Foul Ball, location: 2F
3-2: Strikes out swinging
Top of the 3rd over - 0 runs, 1 hit, 0 errors, 1 left on base; Minnesota 1 - Boston 1
BOTTOM OF THE 3RD
Boston Red Sox batting - Pitching for Minnesota Twins : LHP Brandon Waddell
Batting: RHB Victor Robles 0-0: Called Strike
0-1: Ball
1-1: Called Strike
1-2: Foul Ball, location: 2F
1-2: Foul Ball, location: 2F
1-2: Ball
2-2: Ball
3-2: SINGLE (Line Drive, 56D, EV 95.6 MPH)
Batting: RHB Pablo Reyes 0-0: DOUBLE (Line Drive, 89XD, EV 110.6 MPH)
Victor Robles to third
Batting: LHB Greg Bird 0-0: Called Strike
0-1: Swinging Strike
0-2: Strikes out looking
Batting: RHB Albert Pujols 0-0: Ball
1-0: Ground out 4-3 (Groundball, 6M, EV 98.8 MPH)
Victor Robles scores
Pablo Reyes to third
Batting: SHB Yangervis Solarte 0-0: Ball
1-0: Foul Ball, location: 2F
1-1: Ball
2-1: Ball
3-1: Ground out 2-3 (Groundball, 15S, EV 66.9 MPH)
Bottom of the 3rd over - 1 run, 2 hits, 0 errors, 1 left on base; Minnesota 1 - Boston 2
TOP OF THE 4TH
Minnesota Twins batting - Pitching for Boston Red Sox : LHP Mike Kickham
Batting: RHB Adam Jones 0-0: Called Strike
0-1: SINGLE (Groundball, 56D, EV 107.5 MPH)
Batting: LHB Jay Bruce 0-0: Swinging Strike
0-1: Ball
1-1: Ball
2-1: Swinging Strike
2-2: Foul Ball, location: 2F
2-2: Foul Ball, location: 2F
2-2: Foul Ball, location: 2F
2-2: Ground out 6-3 (Groundball, 4, EV 83.1 MPH)
Adam Jones to second
Batting: RHB Roberto Perez 0-0: Called Strike
0-1: Swinging Strike
0-2: Ground out 6-3 (Groundball, 6MS, EV 83.1 MPH)
Adam Jones to third
Batting: LHB Nolan Fontana 0-0: Ball
1-0: SINGLE (Groundball, 56D, EV 105.6 MPH)
Adam Jones scores
Batting: RHB Miguel Rojas 0-0: Foul Ball, location: 2F
0-1: Ball
1-1: Foul Ball, location: 2F
1-2: Fielders Choice at 2nd, 6-4 (Groundball, 56, EV 86.3 MPH)
Top of the 4th over - 1 run, 2 hits, 0 errors, 1 left on base; Minnesota 2 - Boston 2
BOTTOM OF THE 4TH
Boston Red Sox batting - Pitching for Minnesota Twins : LHP Brandon Waddell
Batting: LHB Alex Dickerson 0-0: Ball
1-0: Ball
2-0: Called Strike
2-1: SINGLE (Groundball, 4MD, EV 94.4 MPH)
Batting: RHB Jonathan Lucroy 0-0: Ball
1-0: Foul Ball, location: 2F
1-1: Ball
2-1: Ball
3-1: Foul Ball, location: 2F
3-2: Foul Ball, location: 2F
3-2: Foul Ball, location: 2F
3-2: Foul Ball, location: 2F
3-2: Foul Ball, location: 2F
3-2: Fly out, F9 (Flyball, 9, EV 91.3 MPH)
Batting: LHB J.P. Crawford 0-0: Ball
1-0: Ball
2-0: Ball
3-0: Base on Balls
Alex Dickerson to second
Batting: RHB Ronald Torreyes 0-0: Ball
1-0: Fielders Choice at 2nd, 6-4 (Groundball, 6, EV 83.1 MPH)
Alex Dickerson to third
Batting: RHB Victor Robles 0-0: Ball
1-0: Called Strike
1-1: Foul Ball, location: 2F
1-2: Fielders Choice at 2nd, U4 (Groundball, 4M, EV 78.1 MPH)
Bottom of the 4th over - 0 runs, 1 hit, 0 errors, 2 left on base; Minnesota 2 - Boston 2
TOP OF THE 5TH
Minnesota Twins batting - Pitching for Boston Red Sox : LHP Mike Kickham
Batting: RHB Whit Merrifield 0-0: Ball
1-0: Ball
2-0: Foul Ball, location: 2F
2-1: SINGLE (Line Drive, 4D, EV 103.8 MPH)
Batting: LHB Derek Dietrich 0-0: Ball
1-0: Ball
2-0: SINGLE (Line Drive, 89S, EV 97.5 MPH)
Whit Merrifield to second
Runner from 2nd tries for 3rd, SAFE, throw by CF made to third
Pitching: RHP Tyson Ross
Batting: LHB Freddie Freeman 0-0: Swinging Strike
0-1: Foul Ball, location: 2F
0-2: Ball
Wild Pitch!
Whit Merrifield scores
Derek Dietrich to second
1-2: Ball
2-2: Foul Ball, location: 2F
2-2: Ball
3-2: Base on Balls
Batting: RHB Avisail Garcia 0-0: Ball
1-0: Called Strike
1-1: Foul Ball, location: 2F
1-2: Ball
2-2: Foul Ball, location: 2F
2-2: Ball
3-2: SINGLE (Groundball, 56D, EV 98.1 MPH)
Derek Dietrich to third
Freddie Freeman to second
Batting: RHB Adam Jones 0-0: Foul Ball, location: 2F
0-1: Ball
1-1: Called Strike
1-2: Foul Ball, location: 2F
1-2: Ball
2-2: Strikes out looking
Batting: LHB Jay Bruce 0-0: Ball
1-0: Ball
2-0: Called Strike
2-1: Called Strike
2-2: Foul Ball, location: 2F
2-2: Ball
3-2: Foul Ball, location: 2F
3-2: Base on Balls
Derek Dietrich scores
Freddie Freeman to third
Avisail Garcia to second
Batting: RHB Roberto Perez 0-0: Ball
1-0: Ball
2-0: Called Strike
2-1: Ball
3-1: Foul Ball, location: 2F
3-2: Base on Balls
Freddie Freeman scores
Avisail Garcia to third
Jay Bruce to second
Batting: LHB Nolan Fontana 0-0: SINGLE (Line Drive, 6, EV 65.0 MPH) (infield hit)
Avisail Garcia scores
Jay Bruce to third
Roberto Perez to second
Batting: RHB Miguel Rojas 0-0: Ball
1-0: DOUBLE (Line Drive, 7LS, EV 113.1 MPH)
Jay Bruce scores
Roberto Perez scores
Nolan Fontana to third
Pitching: RHP Jason Hammel
Batting: RHB Whit Merrifield 0-0: Ball
1-0: Called Strike
1-1: Called Strike
1-2: Hit by Pitch
Batting: LHB Derek Dietrich 0-0: Called Strike
0-1: Ball
1-1: Ball
2-1: Fly out, F9 (Flyball, 9D, EV 103.1 MPH)
Runner from 3rd tags up, SCORES, no throw by RF
Batting: LHB Freddie Freeman 0-0: Called Strike
0-1: Called Strike
0-2: Ball
1-2: Fly out, F8 (Flyball, 8LS, EV 89.4 MPH)
Top of the 5th over - 7 runs, 5 hits, 0 errors, 2 left on base; Minnesota 9 - Boston 2
BOTTOM OF THE 5TH
Boston Red Sox batting - Pitching for Minnesota Twins : LHP Brandon Waddell
Batting: RHB Pablo Reyes 0-0: Fly out, F7 (Flyball, 7, EV 75.0 MPH)
Batting: LHB Greg Bird 0-0: Ball
1-0: Foul Ball, location: 2F
1-1: Foul Ball, location: 2F
1-2: Ground out 6-3 (Groundball, 56, EV 87.5 MPH)
Pitching: RHP Joe Kelly
Batting: RHB Albert Pujols 0-0: Called Strike
0-1: Called Strike
0-2: Ball
1-2: Ball
2-2: Fly out, F7 (Flyball, 7LD, EV 103.8 MPH)
Bottom of the 5th over - 0 runs, 0 hits, 0 errors, 0 left on base; Minnesota 9 - Boston 2
TOP OF THE 6TH
Minnesota Twins batting - Pitching for Boston Red Sox : RHP Jason Hammel
Batting: RHB Avisail Garcia 0-0: Called Strike
0-1: Ground out 1-3 (Groundball, 13S, EV 68.1 MPH)
Batting: RHB Adam Jones 0-0: Ball
1-0: Ball
2-0: Called Strike
2-1: Fly out, F9 (Flyball, 89D, EV 101.3 MPH)
Batting: LHB Jay Bruce 0-0: Called Strike
0-1: Foul Ball, location: 2F
0-2: Strikes out looking
Top of the 6th over - 0 runs, 0 hits, 0 errors, 0 left on base; Minnesota 9 - Boston 2
BOTTOM OF THE 6TH
Boston Red Sox batting - Pitching for Minnesota Twins : RHP Joe Kelly
Batting: SHB Yangervis Solarte 0-0: Ball
1-0: Foul Ball, location: 2F
1-1: Foul Ball, location: 2F
1-2: Ground out 4-3 (Groundball, 4, EV 105.6 MPH)
Batting: LHB Alex Dickerson 0-0: Ball
1-0: Ground out U3 (Groundball, 3, EV 83.8 MPH)
Batting: RHB Jonathan Lucroy 0-0: SINGLE (Flyball, 89S, EV 97.5 MPH)
Batting: LHB J.P. Crawford 0-0: Ball
1-0: Swinging Strike
1-1: Foul Ball, location: 2F
1-2: Strikes out looking
Bottom of the 6th over - 0 runs, 1 hit, 0 errors, 1 left on base; Minnesota 9 - Boston 2
TOP OF THE 7TH
Minnesota Twins batting - Pitching for Boston Red Sox : RHP Jason Hammel
Batting: RHB Roberto Perez 0-0: Called Strike
0-1: Ground out 1-3 (Groundball, 13S, EV 64.4 MPH)
Batting: LHB Nolan Fontana 0-0: Called Strike
0-1: Ball
1-1: Foul Ball, location: 2F
1-2: Strikes out swinging
Batting: RHB Miguel Rojas 0-0: Foul Ball, location: 2F
0-1: Swinging Strike
0-2: Ball
1-2: Foul Ball, location: 2F
1-2: Foul Ball, location: 2F
1-2: Ball
2-2: Foul Ball, location: 2F
2-2: Foul Ball, location: 2F
2-2: Foul Ball, location: 2F
2-2: Ground out 3-1 (Groundball, 34, EV 88.1 MPH)
Top of the 7th over - 0 runs, 0 hits, 0 errors, 0 left on base; Minnesota 9 - Boston 2
BOTTOM OF THE 7TH
Boston Red Sox batting - Pitching for Minnesota Twins : RHP Joe Kelly
Batting: RHB Ronald Torreyes 0-0: Fly out, F4 (Popup, 3DF, EV 55.0 MPH)
Batting: RHB Victor Robles 0-0: Called Strike
0-1: Ball
1-1: Ball
2-1: Called Strike
2-2: Fly out, F6 (Popup, 4MS, EV 70.0 MPH)
Batting: RHB Pablo Reyes 0-0: Ground out 3-1 (Groundball, 34, EV 106.9 MPH)
Bottom of the 7th over - 0 runs, 0 hits, 0 errors, 0 left on base; Minnesota 9 - Boston 2
TOP OF THE 8TH
Minnesota Twins batting - Pitching for Boston Red Sox : RHP Jason Hammel
Pitching: RHP Connor Sadzeck
Pinch Hitting: RHB Howie Kendrick 0-0: Fly out, F8 (Line Drive, 8LM, EV 98.8 MPH)
Batting: LHB Derek Dietrich 0-0: Ball
1-0: SINGLE (Line Drive, 9S, EV 104.4 MPH)
Batting: LHB Freddie Freeman 0-0: Ball
1-0: Ball
2-0: Ball
3-0: Called Strike
3-1: Base on Balls
Derek Dietrich to second
Batting: RHB Avisail Garcia 0-0: Called Strike
0-1: Swinging Strike
0-2: Foul Ball, location: 2F
0-2: Ball
1-2: Foul Ball, location: 2F
1-2: Strikes out looking
Batting: RHB Adam Jones 0-0: Foul Ball, location: 2F
0-1: Ball
1-1: Foul Ball, location: 2F
1-2: Ball
2-2: Fly out, F9 (Flyball, 9D, EV 101.3 MPH)
Top of the 8th over - 0 runs, 1 hit, 0 errors, 2 left on base; Minnesota 9 - Boston 2
BOTTOM OF THE 8TH
Boston Red Sox batting - Pitching for Minnesota Twins : RHP Joe Kelly
Now at 2B: Howie Kendrick
Batting: LHB Greg Bird 0-0: Ball
1-0: Ball
2-0: Swinging Strike
2-1: Foul Ball, location: 2F
2-2: Foul Ball, location: 2F
2-2: Ball
3-2: Base on Balls
Pitching: RHP Victor Arano
Batting: RHB Albert Pujols 0-0: Swinging Strike
0-1: Called Strike
0-2: Grounds into double play, 5-4-3 (Groundball, 56, EV 84.4 MPH)
Batting: SHB Yangervis Solarte 0-0: Called Strike
0-1: Ball
1-1: Fly out, F8 (Flyball, 8RS, EV 91.9 MPH)
Bottom of the 8th over - 0 runs, 0 hits, 0 errors, 0 left on base; Minnesota 9 - Boston 2
TOP OF THE 9TH
Minnesota Twins batting - Pitching for Boston Red Sox : RHP Connor Sadzeck
Batting: LHB Jay Bruce 0-0: Called Strike
0-1: Ball
1-1: Swinging Strike
1-2: Fly out, F8 (Line Drive, 8RD, EV 96.3 MPH)
Batting: RHB Roberto Perez 0-0: Called Strike
0-1: Swinging Strike
0-2: Strikes out looking
Batting: LHB Nolan Fontana 0-0: Ball
1-0: Called Strike
1-1: Ball
2-1: Foul Ball, location: 2F
2-2: Ball
3-2: Base on Balls
Batting: RHB Miguel Rojas 0-0: Ground out 5-3 (Groundball, 56S, EV 85.6 MPH)
Top of the 9th over - 0 runs, 0 hits, 0 errors, 1 left on base; Minnesota 9 - Boston 2
BOTTOM OF THE 9TH
Boston Red Sox batting - Pitching for Minnesota Twins : RHP Victor Arano
Batting: LHB Alex Dickerson 0-0: Ball
1-0: Ball
2-0: DOUBLE (Line Drive, 7LS, EV 108.8 MPH)
Batting: RHB Jonathan Lucroy 0-0: Ball
1-0: Ball
2-0: Called Strike
2-1: Fly out, F6 (Popup, P, EV 75.6 MPH)
Batting: LHB J.P. Crawford 0-0: Ground out 4-3 (Groundball, 4, EV 88.8 MPH)
Alex Dickerson to third
Batting: RHB Ronald Torreyes 0-0: Called Strike
0-1: Swinging Strike
0-2: Ball
1-2: Ball
2-2: Strikes out swinging
Bottom of the 9th over - 0 runs, 1 hit, 0 errors, 1 left on base; Minnesota 9 - Boston 2
Monday, December 9th, 2019 - OOTP Baseball 20.8 Build 73